[Event "POR-ch Women Rapid 2019"]
[Site "Portimao"]
[Date "2019.09.07"]
[Round "1.1"]
[White "Pipiras, Filipa Fortuna"]
[Black "Avelino, Camila Biscaya"]
[Result "1-0"]
[ECO "D70"]
[WhiteElo "1965"]
[BlackElo "1722"]
[Annotator "NA"]
[PlyCount "55"]
[EventDate "2019.09.08"]
[EventType "swiss"]
[EventCountry "POR"]
[SourceTitle "playchess.com"]
[Source "ChessBase"]
[SourceQuality "1"]
[TimeControl "900+5"]

1. d4 Nf6 2. c4 g6 3. Nf3 Bg7 4. g3 O-O 5. Bg2 d6 6. O-O Nbd7 7. Qc2 e5 8. Rd1 Qe7 9. Nc3 c6 10. e4 Nb6 11. b3 Bg4 12. dxe5 dxe5 13. a4 Rad8 14. Ba3 Rxd1+ 15. Nxd1 c5 16. Ne3 Nc8 17. Nxg4 Nxg4 18. Rd1 b6 19. Qd2 Re8 20. Bb2 Nf6 21. Qd3 Qc7 22. Bxe5 Rxe5 23. Nxe5 Qxe5 24. Qd8+ Qe8 25. e5 Bf8 26. exf6 Qe2 27. Bf1 Qe5 28. Qxc8 1-0

[Event "POR-ch Women Rapid 2019"]
[Site "Portimao"]
[Date "2019.09.07"]
[Round "1.2"]
[White "Leite, Marta Sofia Carvalho"]
[Black "Jorge, Rita Maria Osorio"]
[Result "0-1"]
[ECO "C64"]
[WhiteElo "1722"]
[BlackElo "1957"]
[Annotator "NA"]
[PlyCount "54"]
[EventDate "2019.09.08"]
[EventType "swiss"]
[EventCountry "POR"]
[SourceTitle "playchess.com"]
[Source "ChessBase"]
[SourceQuality "1"]
[TimeControl "900+5"]

1. e4 e5 2. Nf3 Nc6 3. Bb5 Bc5 4. O-O d6 5. d3 h6 6. c3 a6 7. Bc4 Nf6 8. Be3 O-O 9. Bxc5 dxc5 10. a4 Bg4 11. Nbd2 Qe7 12. Qc2 Rfd8 13. Rab1 Be6 14. b4 Bxc4 15. dxc4 cxb4 16. cxb4 Nxb4 17. Qc3 c5 18. Nxe5 Rxd2 19. Qxd2 Qxe5 20. f3 Qe6 21. Qc3 Nd7 22. Rfc1 Ne5 23. Qe3 Qe7 24. Qe2 Nec6 25. Rd1 Nd4 26. Qe3 a5 27. Qf4 Ne2+ 0-1

[Event "POR-ch Women Rapid 2019"]
[Site "Portimao"]
[Date "2019.09.07"]
[Round "1.3"]
[White "Silva, Mariana Sofia T."]
[Black "Duque, Raquel Dos Santos"]
[Result "1-0"]
[ECO "C25"]
[WhiteElo "1882"]
[BlackElo "1415"]
[Annotator "NA"]
[PlyCount "93"]
[EventDate "2019.09.08"]
[EventType "swiss"]
[EventCountry "POR"]
[SourceTitle "playchess.com"]
[Source "ChessBase"]
[SourceQuality "1"]
[TimeControl "900+5"]

1. e4 e5 2. Nc3 Nc6 3. Bc4 Bc5 4. d3 h6 5. Nge2 Nge7 6. O-O O-O 7. Be3 Bb6 8. Na4 d6 9. Nxb6 axb6 10. Nc3 Be6 11. Bxe6 fxe6 12. Qg4 Rf6 13. f4 Rg6 14. Qh3 Qd7 15. Rf2 Rf8 16. Raf1 Rgf6 17. Nd5 Nxd5 18. exd5 Ne7 19. dxe6 Qxe6 20. Qxe6+ Rxe6 21. fxe5 Rxf2 22. Bxf2 Rxe5 23. Re1 Rxe1+ 24. Bxe1 Nd5 25. Bd2 Kf7 26. Kf2 Ke6 27. Kf3 h5 28. h3 Ke5 29. c4 Ne7 30. Bc3+ Ke6 31. Bxg7 Nf5 32. Bc3 d5 33. g4 hxg4+ 34. hxg4 Nh4+ 35. Kg3 Ng6 36. b3 c5 37. d4 Kd6 38. Kf3 Ke6 39. Ke3 Kd6 40. Be1 Ke6 41. Bg3 dxc4 42. bxc4 cxd4+ 43. Kxd4 Ne7 44. Bc7 Nc6+ 45. Ke4 Kf6 46. Kf4 Nd4 47. Be5+ 1-0

[Event "POR-ch Women Rapid 2019"]
[Site "Portimao"]
[Date "2019.09.07"]
[Round "1.4"]
[White "Soares, Sara Joana De Moura "]
[Black "Silva, Ana Ines Teixeira Da"]
[Result "0-1"]
[ECO "C54"]
[WhiteElo "1533"]
[BlackElo "1738"]
[Annotator "NA"]
[PlyCount "56"]
[EventDate "2019.09.08"]
[EventType "swiss"]
[EventCountry "POR"]
[SourceTitle "playchess.com"]
[Source "ChessBase"]
[SourceQuality "1"]
[TimeControl "900+5"]

1. e4 e5 2. Nf3 Nc6 3. Bc4 Bc5 4. c3 Nf6 5. d4 exd4 6. e5 d5 7. Bb5 Ne4 8. cxd4 Bb6 9. Nc3 Bg4 10. h3 Bh5 11. Qc2 Ba5 12. Be3 O-O 13. Rc1 Kh8 14. a3 Bg6 15. Qb3 f6 16. Bxc6 bxc6 17. Qa4 Bxc3+ 18. bxc3 c5 19. O-O f5 20. dxc5 f4 21. Bd4 Bh5 22. Kh2 Bxf3 23. gxf3 Nd2 24. Rfd1 Nxf3+ 25. Kg2 Nh4+ 26. Kh1 Qg5 27. Rg1 Qf5 28. Qc2 Qxh3# 0-1

[Event "POR-ch Women Rapid 2019"]
[Site "Portimao"]
[Date "2019.09.07"]
[Round "1.5"]
[White "Monteiro, Sara Cristina da Sil"]
[Black "Goncalves, Ana Luisa"]
[Result "1-0"]
[ECO "D03"]
[WhiteElo "1728"]
[BlackElo "1250"]
[Annotator "NA"]
[PlyCount "51"]
[EventDate "2019.09.08"]
[EventType "swiss"]
[EventCountry "POR"]
[SourceTitle "playchess.com"]
[Source "ChessBase"]
[SourceQuality "1"]
[TimeControl "900+5"]

1. d4 d5 2. Bg5 Nf6 3. Nf3 Bg4 4. e3 Nc6 5. c4 e6 6. Nc3 Be7 7. Bd3 h6 8. Bh4 O-O 9. O-O a6 10. Rc1 Nb4 11. Be2 Ne4 12. Bxe7 Qxe7 13. a3 Nxc3 14. Rxc3 Na2 15. Rb3 Bxf3 16. gxf3 c5 17. cxd5 b5 18. dxc5 Qxc5 19. dxe6 Rfd8 20. exf7+ Kxf7 21. Qb1 Nc1 22. Qxc1 Qxc1 23. Rxc1 Ra7 24. Rd3 Re8 25. Rdc3 Ree7 26. f4 1-0

[Event "POR-ch Women Rapid 2019"]
[Site "Portimao"]
[Date "2019.09.07"]
[Round "2.1"]
[White "Silva, Ana Ines Teixeira Da"]
[Black "Pipiras, Filipa Fortuna"]
[Result "0-1"]
[ECO "C45"]
[WhiteElo "1738"]
[BlackElo "1965"]
[Annotator "NA"]
[PlyCount "254"]
[EventDate "2019.09.08"]
[EventType "swiss"]
[EventCountry "POR"]
[SourceTitle "playchess.com"]
[Source "ChessBase"]
[SourceQuality "1"]
[TimeControl "900+5"]

1. e4 e5 2. Nf3 Nc6 3. d4 exd4 4. Nxd4 Bc5 5. Be3 Qf6 6. c3 Nge7 7. Bc4 Ne5 8. Be2 $11 O-O 9. O-O Qg6 10. f3 d5 11. Nd2 Bb6 12. a4 a5 13. Kh1 dxe4 14. Nxe4 Nd5 15. Bf2 c6 16. c4 Nf4 17. Bg3 Nxe2 18. Nxe2 Nd7 19. Bd6 Rd8 20. Qb3 Re8 21. N2g3 Kh8 22. c5 Bd8 23. Rfe1 h5 24. Nf2 Rxe1+ 25. Rxe1 Nf6 26. Qd1 Be6 27. Nge4 Nd5 28. Nd3 b5 29. Ne5 Qf5 30. Ng3 Qh7 31. Qd4 Bf6 32. Ne4 Rc8 33. Nxf6 Nxf6 34. Nd3 h4 35. Nf4 h3 36. Nxe6 hxg2+ 37. Kxg2 fxe6 38. Rxe6 Qc2+ 39. Kf1 Qb1+ 40. Re1 Qf5 41. Qh4+ Kg8 42. Qf2 Rd8 43. axb5 cxb5 44. Rd1 b4 45. Qe2 a4 46. Qc4+ Kh8 47. Qh4+ Kg8 48. Qc4+ Kh7 49. Qh4+ Kg6 50. Qg3+ Kf7 51. c6 Qb5+ 52. Kg2 Qxc6 53. Qe5 Re8 54. Qd4 Qc2+ 55. Kg1 Re2 56. Qa7+ Kg6 57. Qd4 Rg2+ 58. Kh1 Qxb2 59. Bxb4 Qxd4 60. Rxd4 Rb2 61. Ba3 Rb1+ 62. Kg2 Ra1 63. Rxa4 Nd5 64. Rg4+ Kh7 65. Bf8 Ne3+ 66. Kg3 Nxg4 67. fxg4 Kg6 68. Bd6 Rd1 69. Bf4 Rd3+ 70. Kh4 Kf6 71. Bg5+ Ke6 72. h3 g6 73. Bh6 Kf6 74. Bg5+ Kg7 75. Bf4 Rd5 76. Bg5 Kf7 77. Bf4 Kf6 78. g5+ Kf5 79. Bc1 Rd3 80. Bb2 Ke4 81. Kg4 Rd2 82. Bf6 Rg2+ 83. Kh4 Kf3 84. Be7 Rh2 85. Bd6 Rh1 86. Be5 Kg2 87. Kg4 Rxh3 88. Bf6 Ra3 89. Kf4 Ra5 90. Ke4 Rf5 91. Ke3 Kh3 92. Ke4 Kg4 93. Ke3 Rb5 94. Kf2 Kf5 95. Kf3 Rb3+ 96. Kg2 Kf4 97. Kf2 Ra3 98. Ke2 Ra2+ 99. Kd3 Rg2 100. Kd4 Rg1 101. Kd3 Kf3 102. Kd4 Rd1+ 103. Ke5 Re1+ 104. Kd4 Kf4 105. Kd3 Re6 106. Kd2 Rd6+ 107. Ke2 Rd5 108. Kf2 Rd2+ 109. Ke1 Rg2 110. Kf1 Kf3 111. Ke1 Re2+ 112. Kf1 Rg2 113. Ke1 Rg1+ 114. Kd2 Kf4 115. Ke2 Rg2+ 116. Kf1 Ra2 117. Ke1 Kf3 118. Kf1 Rc2 119. Ke1 Rh2 120. Kd1 Rh1+ 121. Kd2 Rg1 122. Kd3 Rd1+ 123. Kc2 Rd5 124. Kc3 Kf4 125. Kc4 Rxg5 126. Bxg5+ Kxg5 127. Kd4 Kf4 0-1

[Event "POR-ch Women Rapid 2019"]
[Site "Portimao"]
[Date "2019.09.07"]
[Round "2.2"]
[White "Jorge, Rita Maria Osorio"]
[Black "Monteiro, Sara Cristina da Sil"]
[Result "1-0"]
[ECO "B01"]
[WhiteElo "1957"]
[BlackElo "1728"]
[Annotator "NA"]
[PlyCount "85"]
[EventDate "2019.09.08"]
[EventType "swiss"]
[EventCountry "POR"]
[SourceTitle "playchess.com"]
[Source "ChessBase"]
[SourceQuality "1"]
[TimeControl "900+5"]

1. e4 d5 2. exd5 Qxd5 3. Nc3 Qa5 4. d4 c6 5. a3 Nf6 6. Bd3 Bg4 7. Nge2 Nbd7 8. f3 Bh5 9. b4 Qc7 10. O-O e5 11. Re1 O-O-O 12. Be3 Bg6 13. b5 exd4 14. Nxd4 c5 15. Nde2 c4 16. Bxg6 hxg6 17. Bf4 Ne5 18. Qc1 Bc5+ 19. Kh1 Nh5 20. Ng3 Nxf4 21. Qxf4 Rxh2+ 22. Kxh2 Rh8+ 23. Nh5 Rxh5+ 24. Kg3 Bd6 25. Ne4 Be7 26. Rh1 Rf5 27. Rh8+ Bd8 28. Rd1 Rxf4 29. Rdxd8+ Qxd8 30. Rxd8+ Kxd8 31. Kxf4 f6 32. Nd6 b6 33. Ke4 Kc7 34. Kd5 Kd7 35. Nxc4 Nxc4 36. Kxc4 Kd6 37. Kd4 f5 38. f4 Ke6 39. c4 Kd6 40. a4 g5 41. fxg5 g6 42. g3 Ke6 43. c5 {Kd5+ Ke4+} 1-0

[Event "POR-ch Women Rapid 2019"]
[Site "Portimao"]
[Date "2019.09.07"]
[Round "2.4"]
[White "Avelino, Camila Biscaya"]
[Black "Soares, Sara Joana De Moura "]
[Result "0-1"]
[ECO "C99"]
[WhiteElo "1722"]
[BlackElo "1533"]
[Annotator "NA"]
[PlyCount "66"]
[EventDate "2019.09.08"]
[EventType "swiss"]
[EventCountry "POR"]
[SourceTitle "playchess.com"]
[Source "ChessBase"]
[SourceQuality "1"]
[TimeControl "900+5"]

1. e4 e5 2. Nf3 Nc6 3. Bb5 a6 4. Ba4 Nf6 5. O-O Be7 6. Re1 b5 7. Bb3 O-O 8. h3 d6 9. c3 Na5 10. Bc2 c5 11. d4 cxd4 12. cxd4 Qc7 13. Nbd2 Bd7 14. Nb3 Nc6 15. Be3 Nb4 16. Bb1 Rac8 17. a3 Nc2 18. Bxc2 Qxc2 19. dxe5 dxe5 20. Nxe5 Be6 21. Nd4 Qxb2 22. Nec6 Bxa3 23. Re2 Bb3 24. Qxb3 Qxa1+ 25. Kh2 Nxe4 26. Ra2 Bd6+ 27. g3 Qf1 28. Qd5 Qc4 29. Qxc4 bxc4 30. Rxa6 Nc5 31. Ra2 Ne6 32. Rd2 Nxd4 33. Rxd4 Rxc6 0-1

[Event "POR-ch Women Rapid 2019"]
[Site "Portimao"]
[Date "2019.09.07"]
[Round "2.5"]
[White "Duque, Raquel Dos Santos"]
[Black "Leite, Marta Sofia Carvalho"]
[Result "1-0"]
[ECO "A25"]
[WhiteElo "1415"]
[BlackElo "1722"]
[Annotator "NA"]
[PlyCount "41"]
[EventDate "2019.09.08"]
[EventType "swiss"]
[EventCountry "POR"]
[SourceTitle "playchess.com"]
[Source "ChessBase"]
[SourceQuality "1"]
[TimeControl "900+5"]

1. c4 e5 2. Nc3 Nc6 3. g3 d6 4. Bg2 Be6 5. b3 g6 6. e3 Bg7 7. Nge2 Nge7 8. O-O O-O 9. Bb2 Qd7 10. Re1 Bh3 11. Bh1 f5 12. d4 f4 13. exf4 exf4 14. Nxf4 Bxd4 15. Qd2 Qg4 16. Ncd5 Bxb2 17. Nxe7+ Nxe7 18. Qxb2 Nc6 19. Bd5+ Rf7 20. Qf6 Raf8 21. Bxf7+ 1-0

[Event "POR-ch Women Rapid 2019"]
[Site "Portimao"]
[Date "2019.09.07"]
[Round "3.1"]
[White "Pipiras, Filipa Fortuna"]
[Black "Jorge, Rita Maria Osorio"]
[Result "1-0"]
[ECO "D35"]
[WhiteElo "1965"]
[BlackElo "1957"]
[Annotator "NA"]
[PlyCount "89"]
[EventDate "2019.09.08"]
[EventType "swiss"]
[EventCountry "POR"]
[SourceTitle "playchess.com"]
[Source "ChessBase"]
[SourceQuality "1"]
[TimeControl "900+5"]

1. d4 Nf6 2. c4 e6 3. Nc3 d5 4. cxd5 exd5 5. Bg5 Nbd7 6. e3 Be7 7. Bd3 O-O 8. Nge2 b6 9. O-O Bb7 10. f3 c5 11. Bh4 a6 12. b3 Qc7 13. a4 Rae8 14. Bf2 Bd6 15. h3 Qb8 16. Rc1 h6 17. Qd2 Nh5 18. Qc2 Ng3 19. Nxg3 Bxg3 20. Bxg3 Qxg3 21. Qf2 Qxf2+ 22. Kxf2 cxd4 23. exd4 Rc8 24. Rfe1 Rc7 25. Nxd5 Rxc1 26. Ne7+ Kh8 27. Rxc1 Re8 28. Nf5 Bd5 29. Rc3 Nb8 30. Nd6 Rd8 31. Nc8 Bb7 32. Nxb6 Rxd4 33. Ke3 Rd6 34. Nc4 Re6+ 35. Kf2 Nd7 36. Ne3 g6 37. Rc7 Bc6 38. Bxa6 Nc5 39. Bc4 Rf6 40. Rxf7 Ne4+ 41. Kg1 Rxf7 42. Bxf7 Kg7 43. Bd5 Bxd5 44. Nxd5 Kf7 45. fxe4 1-0

[Event "POR-ch Women Rapid 2019"]
[Site "Portimao"]
[Date "2019.09.07"]
[Round "3.2"]
[White "Silva, Mariana Sofia T."]
[Black "Silva, Ana Ines Teixeira Da"]
[Result "0-1"]
[ECO "A05"]
[WhiteElo "1882"]
[BlackElo "1738"]
[Annotator "NA"]
[PlyCount "99"]
[EventDate "2019.09.08"]
[EventType "swiss"]
[EventCountry "POR"]
[SourceTitle "playchess.com"]
[Source "ChessBase"]
[SourceQuality "1"]
[TimeControl "900+5"]

1. Nf3 Nf6 2. g3 g6 3. b3 Bg7 4. Bb2 O-O 5. Bg2 c5 6. O-O d5 7. d4 cxd4 8. Nxd4 e5 9. Nf3 e4 10. Nd4 Nc6 11. h3 Re8 12. e3 Ne5 13. Nd2 Bd7 14. Rb1 Qc8 15. Kh2 h5 16. f4 Neg4+ 17. hxg4 Nxg4+ 18. Kg1 Nxe3 19. Qe1 Nxg2 20. Kxg2 Bh3+ 21. Kg1 Bxf1 22. Nxf1 Qc5 23. Qe3 Rac8 24. Rc1 b5 25. a3 a5 26. Nd2 a4 27. c4 bxc4 28. bxc4 Qb6 29. Bc3 dxc4 30. Rb1 Qc5 31. Rb4 Rcd8 32. Rxc4 Qxa3 33. Nb1 Qd6 34. Rxa4 Qb6 35. Na3 Qc7 36. Nab5 Qd7 37. Ra7 Bxd4 38. Bxd4 Qxb5 39. Qc3 Qb1+ 40. Kg2 Qd3 41. Qc7 Qb3 42. Bf2 Rc8 43. Qd7 Rcd8 44. Qc7 Qf3+ 45. Kh3 Qg4+ 46. Kg2 Qf5 47. Be3 Rc8 48. Qb7 Rc2+ 49. Kg1 Rd8 50. Qb6 0-1

[Event "POR-ch Women Rapid 2019"]
[Site "Portimao"]
[Date "2019.09.07"]
[Round "3.4"]
[White "Goncalves, Ana Luisa"]
[Black "Duque, Raquel Dos Santos"]
[Result "0-1"]
[ECO "C50"]
[WhiteElo "1250"]
[BlackElo "1415"]
[Annotator "NA"]
[PlyCount "51"]
[EventDate "2019.09.08"]
[EventType "swiss"]
[EventCountry "POR"]
[SourceTitle "playchess.com"]
[Source "ChessBase"]
[SourceQuality "1"]
[TimeControl "900+5"]

1. e4 e5 2. Bc4 Bc5 3. Nf3 Nc6 4. O-O Nf6 5. h3 O-O 6. d3 h6 7. Nc3 d6 8. a3 Be6 9. Bd5 Bxd5 10. exd5 Ne7 11. Na4 Bb6 12. c4 Nf5 13. Nxb6 axb6 14. Re1 c6 15. Qb3 cxd5 16. cxd5 Ne7 17. d4 exd4 18. Nxd4 Nexd5 19. Nf5 Re8 20. Be3 Nxe3 21. fxe3 Re5 22. Ng3 Rc8 23. Rad1 Rc6 24. Qb4 Qe7 25. e4 Qe6 26. Nf5 0-1

[Event "POR-ch Women Rapid 2019"]
[Site "Portimao"]
[Date "2019.09.07"]
[Round "3.5"]
[White "Soares, Sara Joana De Moura "]
[Black "Leite, Marta Sofia Carvalho"]
[Result "1-0"]
[ECO "B01"]
[WhiteElo "1533"]
[BlackElo "1722"]
[Annotator "NA"]
[PlyCount "67"]
[EventDate "2019.09.08"]
[EventType "swiss"]
[EventCountry "POR"]
[SourceTitle "playchess.com"]
[Source "ChessBase"]
[SourceQuality "1"]
[TimeControl "900+5"]

1. e4 d5 2. exd5 Qxd5 3. Nc3 Qa5 4. d4 Nf6 5. Bd2 Bg4 6. Nf3 Nc6 7. Bc4 e6 8. Nd5 Bb4 9. Nxb4 Nxb4 10. a3 Bxf3 11. gxf3 Nxc2+ 12. Qxc2 Qf5 13. Qxf5 exf5 14. O-O-O O-O 15. Rhg1 g6 16. h4 Rad8 17. Bg5 Rd6 18. Bxf6 Rxf6 19. Kb1 Rd6 20. h5 Rfd8 21. hxg6 hxg6 22. Bb3 Rxd4 23. Rxd4 Rxd4 24. Kc2 Rf4 25. Rxg6+ Kh7 26. Rg3 Rd4 27. Bxf7 Rd6 28. Rg5 Rf6 29. Bd5 c6 30. Bc4 Rf8 31. Bd3 Kh6 32. Rxf5 Rg8 33. Rf7 Rg2 34. Rh7+ 1-0

[Event "POR-ch Women Rapid 2019"]
[Site "Portimao"]
[Date "2019.09.07"]
[Round "4.1"]
[White "Duque, Raquel Dos Santos"]
[Black "Pipiras, Filipa Fortuna"]
[Result "0-1"]
[ECO "A25"]
[WhiteElo "1415"]
[BlackElo "1965"]
[Annotator "NA"]
[PlyCount "70"]
[EventDate "2019.09.08"]
[EventType "swiss"]
[EventCountry "POR"]
[SourceTitle "playchess.com"]
[Source "ChessBase"]
[SourceQuality "1"]
[TimeControl "900+5"]

1. c4 e5 2. Nc3 Nc6 3. g3 Nf6 4. Bg2 Bc5 5. e3 a6 6. Nge2 Ba7 7. O-O O-O 8. d4 exd4 9. Nxd4 Ne5 10. b3 d6 11. Bb2 Bg4 12. Qc2 Qc8 13. Ne4 Nxe4 14. Qxe4 Rb8 15. Nf3 Bf5 16. Qd5 Ng6 17. Rfe1 Re8 18. e4 Be6 19. Qd3 f6 20. Nd4 Bd7 21. Nf3 b5 22. Bd4 c5 23. Bb2 bxc4 24. Qxc4+ Be6 25. Qd3 c4 26. Qxd6 Rd8 27. Qa3 Bc5 28. Qa4 Bb4 29. Rec1 Bd7 30. Rxc4 Bxa4 31. Rxc8 Rdxc8 32. bxa4 Rc2 33. Bd4 Bc3 34. Bxc3 Rxc3 35. Bf1 Rxf3 0-1

[Event "POR-ch Women Rapid 2019"]
[Site "Portimao"]
[Date "2019.09.07"]
[Round "4.2"]
[White "Jorge, Rita Maria Osorio"]
[Black "Silva, Mariana Sofia T."]
[Result "0-1"]
[ECO "B17"]
[WhiteElo "1957"]
[BlackElo "1882"]
[Annotator "NA"]
[PlyCount "116"]
[EventDate "2019.09.08"]
[EventType "swiss"]
[EventCountry "POR"]
[SourceTitle "playchess.com"]
[Source "ChessBase"]
[SourceQuality "1"]
[TimeControl "900+5"]

1. e4 c6 2. d4 d5 3. Nd2 dxe4 4. Nxe4 Nd7 5. Nf3 Ngf6 6. Bd3 Nxe4 7. Bxe4 Nf6 8. Bd3 Bg4 9. c3 e6 10. h3 Bh5 11. Bf4 Bd6 12. Bxd6 Qxd6 13. Qe2 Nd5 14. g3 O-O-O 15. O-O-O Kb8 16. Kb1 Nf6 17. g4 Bg6 18. Qe5 Bxd3+ 19. Rxd3 c5 20. dxc5 Qxe5 21. Nxe5 Rxd3 22. Nxd3 Rd8 23. Kc2 Rd5 24. Re1 Kc7 25. b4 Nd7 26. c4 Rg5 27. f4 Rg6 28. Ne5 Nxe5 29. Rxe5 Rf6 30. Re4 Rh6 31. Re3 Rh4 32. Rf3 h5 33. g5 f6 34. Kd3 Kc6 35. a3 e5 36. fxe5 fxe5 37. Rf7 Rxh3+ 38. Ke4 Rh4+ 39. Kxe5 Rxc4 40. Rxg7 h4 41. Rh7 Rg4 42. Kf6 Rf4+ 43. Kg7 Kd7 44. g6 Rg4 45. Rh6 Ke6 46. Kf8 Rf4+ 47. Ke8 Kf6 48. Kf8 Kg5+ 49. Kg7 Rd4 50. Rh8 Rd7+ 51. Kf8 Rd8+ 52. Kg7 Rxh8 53. Kxh8 Kxg6 54. b5 h3 55. c6 bxc6 56. bxc6 h2 57. c7 h1=Q+ 58. Kg8 Qa8+ 0-1

[Event "POR-ch Women Rapid 2019"]
[Site "Portimao"]
[Date "2019.09.07"]
[Round "4.3"]
[White "Silva, Ana Ines Teixeira Da"]
[Black "Monteiro, Sara Cristina da Sil"]
[Result "1-0"]
[ECO "B01"]
[WhiteElo "1738"]
[BlackElo "1728"]
[Annotator "NA"]
[PlyCount "87"]
[EventDate "2019.09.08"]
[EventType "swiss"]
[EventCountry "POR"]
[SourceTitle "playchess.com"]
[Source "ChessBase"]
[SourceQuality "1"]
[TimeControl "900+5"]

1. e4 d5 2. exd5 Qxd5 3. Nc3 Qa5 4. d4 e5 5. Qe2 Bb4 6. Qxe5+ Qxe5+ 7. dxe5 Bxc3+ 8. bxc3 Bf5 9. Bd3 Ne7 10. Ba3 Nbc6 11. Bxe7 Nxe7 12. Rb1 O-O-O 13. Bxf5+ Nxf5 14. Nf3 Rhe8 15. O-O h6 16. Rb4 Ne7 17. Rf4 Rf8 18. Rg4 g6 19. Nd4 Nd5 20. e6 h5 21. Rg3 Rd6 22. exf7 Nxc3 23. Rxc3 Rxd4 24. Rf3 Rd7 25. Rf6 Rfxf7 26. Rxg6 Rd2 27. f4 Rxc2 28. f5 Rxa2 29. f6 Ra6 30. Rf5 h4 31. Kf2 c6 32. Kf3 Ra4 33. Rg7 Rf8 34. f7 Kd7 35. Rg8 Ke7 36. Rxf8 Kxf8 37. g3 hxg3 38. hxg3 b5 39. g4 Rc4 40. g5 a5 41. g6 Rc3+ 42. Kg4 Rc4+ 43. Kg5 Rd4 44. g7+ 1-0

[Event "POR-ch Women Rapid 2019"]
[Site "Portimao"]
[Date "2019.09.07"]
[Round "4.4"]
[White "Goncalves, Ana Luisa"]
[Black "Soares, Sara Joana De Moura "]
[Result "0-1"]
[ECO "C26"]
[WhiteElo "1250"]
[BlackElo "1533"]
[Annotator "NA"]
[PlyCount "59"]
[EventDate "2019.09.08"]
[EventType "swiss"]
[EventCountry "POR"]
[SourceTitle "playchess.com"]
[Source "ChessBase"]
[SourceQuality "1"]
[TimeControl "900+5"]

1. e4 e5 2. Bc4 Nf6 3. Nc3 Bc5 4. h3 d6 5. Nf3 Nbd7 6. O-O c6 7. d3 a5 8. a4 O-O 9. Bg5 Re8 10. Ne2 h6 11. Bh4 Nf8 12. Nh2 Ng6 13. Bg3 Nh5 14. Nc3 Nxg3 15. Ng4 Nxf1 16. Kxf1 Bxg4 17. Qxg4 Qf6 18. Qg3 Qf4 19. Ne2 Qxg3 20. Nxg3 Rad8 21. c3 Nf4 22. Rb1 d5 23. exd5 Nxd5 24. b4 Nxc3 25. Rb2 Bxb4 26. Kg1 b5 27. axb5 cxb5 28. Bxb5 Nxb5 29. Rb3 Nd4 30. Rb1 0-1

[Event "POR-ch Women Rapid 2019"]
[Site "Portimao"]
[Date "2019.09.07"]
[Round "5.1"]
[White "Pipiras, Filipa Fortuna"]
[Black "Soares, Sara Joana De Moura "]
[Result "1/2-1/2"]
[ECO "D35"]
[WhiteElo "1965"]
[BlackElo "1533"]
[Annotator "NA"]
[PlyCount "76"]
[EventDate "2019.09.08"]
[EventType "swiss"]
[EventCountry "POR"]
[SourceTitle "playchess.com"]
[Source "ChessBase"]
[SourceQuality "1"]
[TimeControl "900+5"]

1. d4 d5 2. c4 e6 3. Nc3 Nf6 4. cxd5 exd5 5. Bg5 Be7 6. e3 c6 7. Bd3 Nbd7 8. Nge2 O-O 9. O-O Re8 10. f3 Nf8 11. Bh4 Ng6 12. Bf2 Bd6 13. h3 Qc7 14. e4 Nh5 15. e5 Bb4 16. Be3 f5 17. f4 Qe7 18. Bd2 Qh4 19. Be1 Qe7 20. a3 Bxc3 21. bxc3 Be6 22. a4 b6 23. Qc2 Qf7 24. Bd2 c5 25. Qd1 Ne7 26. Kh2 g6 27. Be3 c4 28. Bc2 Ng7 29. Rb1 Red8 30. Qc1 Nc6 31. Qa3 Qd7 32. Qb2 Ne8 33. Qa2 Na5 34. Rb2 Nc6 35. Qb1 Ng7 36. Rg1 Ne7 37. Qa2 Nc6 38. Qb1 Rab8 1/2-1/2

[Event "POR-ch Women Rapid 2019"]
[Site "Portimao"]
[Date "2019.09.07"]
[Round "5.2"]
[White "Silva, Mariana Sofia T."]
[Black "Monteiro, Sara Cristina da Sil"]
[Result "1-0"]
[ECO "B00"]
[WhiteElo "1882"]
[BlackElo "1728"]
[Annotator "NA"]
[PlyCount "55"]
[EventDate "2019.09.08"]
[EventType "swiss"]
[EventCountry "POR"]
[SourceTitle "playchess.com"]
[Source "ChessBase"]
[SourceQuality "1"]
[TimeControl "900+5"]

1. e4 b6 2. d4 c5 3. Nf3 Bb7 4. Nc3 cxd4 5. Nxd4 Nc6 6. Be3 Qc7 7. Nd5 Qe5 8. Nb5 Kd8 9. Nbc3 Nf6 10. Bf4 Qh5 11. Be2 Qg6 12. Bf3 e6 13. Nc7 Rc8 14. N7b5 e5 15. Bg3 a6 16. Nd6 Bxd6 17. Qxd6 Ne8 18. Qd2 f6 19. Rd1 Nd4 20. O-O Nxf3+ 21. gxf3 Qf7 22. Qe3 Rc6 23. Nd5 b5 24. Qa7 Bc8 25. Nb4 Rc7 26. Qb6 Qc4 27. Nd5 Qc6 28. Qa5 1-0

[Event "POR-ch Women Rapid 2019"]
[Site "Portimao"]
[Date "2019.09.07"]
[Round "5.3"]
[White "Avelino, Camila Biscaya"]
[Black "Jorge, Rita Maria Osorio"]
[Result "0-1"]
[ECO "C78"]
[WhiteElo "1722"]
[BlackElo "1957"]
[Annotator "NA"]
[PlyCount "66"]
[EventDate "2019.09.08"]
[EventType "swiss"]
[EventCountry "POR"]
[SourceTitle "playchess.com"]
[Source "ChessBase"]
[SourceQuality "1"]
[TimeControl "900+5"]

1. e4 e5 2. Nf3 Nc6 3. Bb5 a6 4. Ba4 Bc5 5. O-O Nf6 6. d3 b5 7. Bb3 O-O 8. h3 d6 9. c3 Ne7 10. Re1 Bb6 11. Nbd2 c5 12. Nf1 Bd7 13. d4 exd4 14. cxd4 c4 15. Bc2 d5 16. e5 Ne4 17. Bxe4 dxe4 18. Rxe4 Bc6 19. Re1 Bxf3 20. Qxf3 Bxd4 21. Rb1 Ng6 22. Bf4 Qb6 23. Bg3 Rfe8 24. Qf5 Qe6 25. Qxe6 Rxe6 26. Re4 Bxe5 27. Bxe5 Rxe5 28. Rxe5 Nxe5 29. Rd1 g6 30. Ne3 Rc8 31. Rd6 Rc6 32. Rxc6 Nxc6 33. Nd5 a5 0-1

[Event "POR-ch Women Rapid 2019"]
[Site "Portimao"]
[Date "2019.09.07"]
[Round "5.5"]
[White "Leite, Marta Sofia Carvalho"]
[Black "Goncalves, Ana Luisa"]
[Result "1-0"]
[ECO "C78"]
[WhiteElo "1722"]
[BlackElo "1250"]
[Annotator "NA"]
[PlyCount "47"]
[EventDate "2019.09.08"]
[EventType "swiss"]
[EventCountry "POR"]
[SourceTitle "playchess.com"]
[Source "ChessBase"]
[SourceQuality "1"]
[TimeControl "900+5"]

1. e4 e5 2. Nf3 Nc6 3. Bb5 a6 4. Ba4 Bc5 5. O-O Nf6 6. d3 h6 7. Bxc6 dxc6 8. Nxe5 O-O 9. c3 Bd6 10. Nf3 Nd7 11. d4 c5 12. Be3 Re8 13. Nbd2 f6 14. Nh4 b6 15. Nf5 Nf8 16. Ng3 Bxg3 17. fxg3 Bb7 18. Qg4 Bc8 19. Qf3 Nh7 20. e5 Rf8 21. Qxa8 cxd4 22. cxd4 fxe5 23. dxe5 Re8 24. Nf3 1-0

[Event "POR-ch Women Rapid 2019"]
[Site "Portimao"]
[Date "2019.09.07"]
[Round "6.1"]
[White "Silva, Mariana Sofia T."]
[Black "Pipiras, Filipa Fortuna"]
[Result "1-0"]
[ECO "C45"]
[WhiteElo "1882"]
[BlackElo "1965"]
[Annotator "NA"]
[PlyCount "59"]
[EventDate "2019.09.08"]
[EventType "swiss"]
[EventCountry "POR"]
[SourceTitle "playchess.com"]
[Source "ChessBase"]
[SourceQuality "1"]
[TimeControl "900+5"]

1. e4 e5 2. Nf3 Nc6 3. d4 exd4 4. Nxd4 Bc5 5. Be3 Qf6 6. c3 Nge7 7. Bc4 Ne5 8. Be2 O-O 9. O-O Qg6 10. Nd2 d5 11. f3 Bb6 12. Kh1 dxe4 13. Nxe4 Nd5 14. Bg1 Nf4 15. Rf2 c5 16. Nc2 c4 17. Nd4 Rd8 18. Qd2 Nxe2 19. Rxe2 Bf5 20. Ng3 Bxd4 21. Bxd4 Nc6 22. Qf4 Bd3 23. Re3 Nxd4 24. cxd4 Qd6 25. Qg4 Qxd4 26. Re8+ Rxe8 27. Qxd4 b5 28. Nh5 f6 29. Qd7 Kh8 30. Qxg7# 1-0